 Dungeon Crawl Stone Soup version 0.25-a0-424-g80bd347ae0 (webtiles) character file.

Game seed: 7008978538557623469, levelgen mode: deterministic

41 kae the Changer (level 3, 0/26 HPs)
             Began as a Demonspawn Transmuter on Jan 22, 2020.
             Slain by a leopard gecko (3 damage)
             ... on level 2 of the Dungeon.
             The game lasted 00:01:30 (1810 turns).

kae the Changer (Demonspawn Transmuter)             Turns: 1810, Time: 00:01:30

Health: 0/26       AC:  2    Str: 10    XL:     3   Next: 32%
Magic:  6/6        EV: 17    Int: 14    God:
Gold:   4          SH:  0    Dex: 19    Spells: 5/6 levels left

rFire    . . .     SeeInvis .   e - -3 hand axe (curse)
rCold    . . .     Gourm    .   (no shield)
rNeg     . . .     Faith    .   b - +0 robe
rPois    .         Spirit   .   (helmet restricted)
rElec    .         Reflect  .   (no cloak)
rCorr    .         Harm     .   (no gloves)
MR       .....                  (no boots)
Stlth    +++.......             (no amulet)
HPRegen  0.08/turn              (no ring)
MPRegen  0.10/turn              (no ring)

@: agile
A: antennae 1
a: no special abilities


You were on level 2 of the Dungeon.
You were not hungry.

You visited 1 branch of the dungeon, and saw 2 of its levels.

You collected 4 gold pieces.

Inventory:

Hand Weapons
 c - a +0 dagger
 e - a cursed -3 hand axe (weapon)
Missiles
 a - 40 arrows
Armour
 b - a +0 robe (worn)
Jewellery
 j - a +3 ring of dexterity {unknown}
Scrolls
 f - a scroll of teleportation {unknown}
 g - a scroll of enchant armour {unknown}
 i - a scroll of amnesia {unknown}
 l - a scroll of identify {unknown}
Comestibles
 d - 3 rations
 m - 3 chunks of flesh


   Skills:
 - Level 1.0 Fighting
 - Level 1.7 Dodging
 - Level 2.6 Unarmed Combat
 - Level 2.0 Spellcasting
 + Level 3.4 Transmutations


You had 5 spell levels left.
You knew the following spells:

 Your Spells              Type           Power        Failure   Level  Hunger
a - Beastly Appendage     Tmut           ##....       6%          1    ##.....

Your spell library contained the following spells:

 Spells                   Type           Power        Failure   Level  Hunger
 Sticks to Snakes         Tmut           ##......     9%          2    ###....
 Spider Form              Tmut/Pois      #.........   34%         3    ####...
 Ice Form                 Ice/Tmut       #.......     75%         4    #####..
 Blade Hands              Tmut           ##........   85%         5    ######.


Dungeon Overview and Level Annotations

Branches:
Dungeon (2/15)

Altars:
Fedhas


Innate Abilities, Weirdness & Mutations

You have a pair of small antennae on your head.


Message History

You closely miss the rat.
You hit the giant cockroach but do no damage.
You hit the adder but do no damage. The adder closely misses you.
The giant cockroach bites you. The rat bites you. The adder barely misses you.
The giant cockroach bites you.
* * * LOW HITPOINT WARNING * * *
You hit the rat.
You kill the rat!
You closely miss the adder.
You hit the giant cockroach but do no damage.
The bat barely misses you. The adder bites you.
* * * LOW HITPOINT WARNING * * *
The giant cockroach bites you but does no damage.
A hobgoblin comes into view. It is wielding a +0 spear.
The bat hits you.
* * * LOW HITPOINT WARNING * * *
The leopard gecko bites you.
* * * LOW HITPOINT WARNING * * *
The bat closely misses you. The adder misses you. The leopard gecko bites you.
You die...

#............
#.......g....
#............
#......≈≈..≈.
#......≈≈≈≈≈.
#......≈_≈≈.
#..sg.≈≈.≈.
##########S#
##...##...#@#.#.##
##..........bl....#
###.................#
............?.......#
###.............#.....
##.....<............
#......##...#.##.....
...##.########$# #....
.. ... .# ..


You could see an adder, a leopard gecko, a giant cockroach, 2 hobgoblins and a
bat.

Vanquished Creatures
  An ooze (D:2)
  3 dart slugs (D:1)
  3 leopard geckos (D:1)
  A goblin (D:1)
  3 hobgoblins
  5 bats (D:1)
  A frilled lizard (D:1)
  6 kobolds (D:1)
  4 rats
27 creatures vanquished.

Notes
Turn   | Place    | Note
-------+----------+-------------------------------------------
     0 | D:1      | kae the Demonspawn Transmuter began the quest for the Orb.
     0 | D:1      | Reached XP level 1. HP: 15/15 MP: 3/3
    22 | D:1      | Reached skill level 2 in Transmutations
   254 | D:1      | Lost mutation: You have a pair of horns on your head.
                  | [demonic ancestry]
   254 | D:1      | Lost mutation: You have a pair of small horns on your head.
                  | [demonic ancestry]
   254 | D:1      | Gained mutation: You have a pair of small antennae on your
                  | head. [demonic ancestry]
   254 | D:1      | Reached XP level 2. HP: 6/21 MP: 3/5
   609 | D:1      | Reached skill level 3 in Transmutations
  1083 | D:1      | Reached XP level 3. HP: 3/26 MP: 6/6
  1792 | D:2      | Found a blossoming altar of Fedhas.
  1810 | D:2      | Slain by a leopard gecko

Levels and vault maps discovered:
D:1:      matt_arrival_grand_opening, layout_loops_ring
D:2:      layout_rooms, fedhas_altar_2, overflow_temple_1_default, st_stairs_6,
          minmay_misc_feat_pillars

Skill      XL: |  1  2 |
---------------+-------+-----
Transmutations | 2 3 |  3.4
Fighting       | |  1.0
Dodging        | |  1.7
Unarmed Combat | |  2.6
Spellcasting   | |  2.0

Action                   || total
-------------------------++-------
Melee: Unarmed           ||    23
       Dagger            ||    36
       Kick              ||    13
       Headbutt          ||     2
       Hand axe          ||    68
 Cast: Beastly Appendage ||    16
  Use: Potion            ||     2
  Eat: Chunk             ||     3
Armor: Robe              ||    48
Dodge: Dodged            ||   116

Table legend:
 A = Non-vault XP
 B = Vault XP
 C = Vault XP percentage of total XP
 D = Non-vault monster count
 E = Vault monster count
 F = Vault count percentage of total count
                 A         B        C        D         E       F
            +---------+---------+-------+---------+---------+-------
      Total |      59 |       0 |   0.0 |      27 |       0 |   0.0
            +---------+---------+-------+---------+---------+-------
        D:1 |      49 |       0 |   0.0 |      24 |       0 |   0.0
        D:2 |      10 |       0 |   0.0 |       3 |       0 |   0.0
            +---------+---------+-------+---------+---------+-------
